 Dungeon Crawl Stone Soup version 0.30-a0-168-g0b976cbdc4 (webtiles) character file.

Game seed: 14326859936961194697

56 qw the Chopper (level 3, 0/23 HPs)
             Began as a Gargoyle Fighter on Sept 29, 2022.
             Slain by an iguana (11 damage)
             ... on level 3 of the Dungeon.
             The game lasted 00:00:41 (2248 turns).

qw the Chopper (Gargoyle Fighter)                   Turns: 2248, Time: 00:00:42

Health: 0/23       AC: 10    Str: 21    XL:     3   Next: 97%
Magic:  3/3        EV:  9    Int:  8    God:
Gold:   75         SH:  4    Dex:  9    Spells: 2/2 levels left

rFire   + . .      SeeInvis .    Y - +0 war axe
rCold   . . .      Faith    .    c - +0 buckler
rNeg    + . .      Spirit   .    b - +0 scale mail
rPois   inf        Reflect  .    (no helmet)
rElec   +          Harm     .    (no cloak)
rCorr   .          Rampage  .    (no gloves)
Will    +....                    (no boots)
Stlth   ..........               (no amulet)
HPRegen 0.07/turn                e - ring of willpower
MPRegen 0.08/turn                h - ring of protection from fire

@: no status effects
A: sickness immunity, AC +3, negative energy resistance 1, electricity
resistance, torment resistance 1, petrification resistance
a: no special abilities


You were on level 3 of the Dungeon.
You visited 1 branch of the dungeon, and saw 3 of its levels.

You collected 75 gold pieces.


Innate Abilities, Weirdness & Mutations

You are immune to sickness and miasma.
Your stone body is resilient. (AC +3)
You are immune to poison.
You resist negative energy. (rN+)
You are resistant to electric shocks. (rElec)
You are resistant to unholy torment.
You are immune to petrification.


   Skills:
 - Level 3.2 Fighting
 + Level 3.7 Axes
 - Level 3.2 Armour
 - Level 3.2 Shields


You had 2 spell levels left.
You didn't know any spells.
Your spell library was empty.

Inventory:

Hand Weapons
 k - a +0 whip
 Y - a +0 war axe (weapon)
Armour
 b - a +0 scale mail (worn)
 c - a +0 buckler (worn)
Jewellery
 e - a ring of willpower (left hand)
 h - a ring of protection from fire (right hand)
 i - a ring of fire
Scrolls
 a - a scroll of identify
Potions
 d - a potion of might
 f - a potion of flight {unknown}
 l - a potion of resistance {unknown}

Dungeon Overview and Level Annotations

Branches:
Dungeon (3/15)

Altars:
Hepliaklqana


Message History

You barely miss the gnoll.
The gnoll is severely wounded.
The gnoll hits you but does no damage. The gnoll closely misses you.
You slash the gnoll!
You kill the gnoll!
You start resting.
You hear the slow rusting of a very distant drain. x3
HP restored.
A ball python and a jackal come into view.
The ball python hisses angrily.
The jackal barks!
You hear an angry hiss.
You hear a shout!
An iguana comes into view.
A scorpion comes into view.
The ball python moves out of view.
The jackal moves out of view.
An orc priest comes into view.
It is wielding a +0 short sword of draining.
2239 ||| Stepping ~*~*~tactically~*~*~ (stealth).
You hear the rusting of a very distant drain.
The ball python bites you but does no damage.
The ball python barely misses you.
You hit the ball python.
You kill the ball python!
You closely miss the iguana. The iguana closely misses you.
The iguana bites you but does no damage.
You hit the scorpion.
The scorpion is lightly wounded.
You barely miss the iguana.
The scorpion stings you but does no damage.
The iguana bites you. The scorpion closely misses you.
You barely miss the scorpion.
The scorpion is lightly wounded.
You slash the iguana! The scorpion barely misses you. The iguana bites you!
The scorpion closely misses you.
You hit the iguana but do no damage.
The iguana is heavily wounded.
You hit the scorpion. The iguana barely misses you.
An orc comes into view. It is wielding a +0 morningstar.
The scorpion stings you. The iguana bites you!
You die...

#.# #.## #...
#+# #.. #.# #..
#.# #.####
#.#####....####
#..%.##.s.....#
#.##...@lh.....
#.#####........
#.# #.###.###
#.# #.# o. #.#
#.# .. #.# #.#
o #.# #..
#.#####..
#.....#


You could see a scorpion, an iguana, an orc and a jackal.

Vanquished Creatures
  An adder (D:2)
  A gnoll (D:3)
  A worm (D:2)
  7 endoplasms
  2 goblins (D:1)
  A hobgoblin (D:2)
  5 kobolds
  2 quokkas
  4 ball pythons
  4 bats
  3 frilled lizards
  7 rats
38 creatures vanquished.

Vanquished Creatures (others)
  A demonic plant (D:2)
1 creature vanquished.

Grand Total: 39 creatures vanquished

Notes
Turn   | Place    | Note
-------+----------+-------------------------------------------
     0 | D:1      | qw the Gargoyle Fighter began the quest for the Orb.
     0 | D:1      | Reached XP level 1. HP: 14/14 MP: 1/1
     0 | D:1      | 0 ||| qw: Version: 0.2-a-12-gaebbb33
     0 | D:1      | 0 ||| qw: Game counter: 1156
     0 | D:1      | 0 ||| qw: Always use a shield: true
     0 | D:1      | 0 ||| qw: God list: Okawaru
     0 | D:1      | 0 ||| qw: Allow faded altars: false
     0 | D:1      | 0 ||| qw: Do Orc after D:15 true
     0 | D:1      | 0 ||| qw: Do second Lair branch before Depths: true
     0 | D:1      | 0 ||| qw: Lair rune preference: random
     0 | D:1      | 0 ||| qw: Plans: Normal, Zot:1-4, God:TSO, Crypt, Tomb,
                  | Pan, Slime:5, Hells, Abyss, Orb
     0 | D:1      | 0 ||| PLANNING D:1-11
   348 | D:1      | Reached XP level 2. HP: 19/19 MP: 2/2
   698 | D:1      | 698 ||| Stepping ~*~*~tactically~*~*~ (stealth).
   887 | D:1      | 887 ||| UPGRADING to ring of willpower.
   888 | D:1      | 888 ||| UPGRADING to ring of protection from fire.
   889 | D:1      | 889 ||| READING scroll labelled JOTSIRO LIMA.
   890 | D:1      | 890 ||| READING scroll labelled UMOARAE NEJUCE.
   893 | D:1      | 893 ||| READING 2 scrolls labelled QUN SOOQARYANG.
   894 | D:1      | 894 ||| READING scroll labelled QOB JALUMIALO.
   895 | D:1      | 895 ||| READING scroll labelled JEIMEGIA PIQO.
   896 | D:1      | 896 ||| READING scroll labelled XIOQUCYCHIYTI.
   931 | D:1      | 931 ||| DROPPING scroll of magic mapping.
   955 | D:2      | Reached skill level 3 in Axes
  1003 | D:2      | Reached XP level 3. HP: 23/23 MP: 3/3
  1196 | D:2      | 1196 ||| DROPPING +0 club.
  1431 | D:2      | Found a faded altar of an unknown god.
  1431 | D:2      | Noticed a shadow demon
  1544 | D:2      | Found a hazy altar of Hepliaklqana.
  1946 | D:2      | 1946 ||| READING scroll labelled YXOIGYI QUBEECK.
  1947 | D:2      | 1947 ||| READING scroll labelled PEKLENODOVA.
  1948 | D:2      | 1948 ||| READING scroll labelled JOESUY NETOS.
  1949 | D:2      | 1949 ||| READING 2 scrolls of identify.
  1949 | D:2      | 1949 ||| IDENTIFYING bubbling coppery potion
  1950 | D:2      | 1950 ||| DROPPING potion of brilliance.
  1988 | D:2      | 1988 ||| Stepping ~*~*~tactically~*~*~ (stealth).
  1992 | D:3      | 1992 ||| PLANNING SEWER
  2016 | D:3      | 2016 ||| Stepping ~*~*~tactically~*~*~ (stealth).
  2237 | D:3      | Noticed a scorpion
  2239 | D:3      | 2239 ||| Stepping ~*~*~tactically~*~*~ (stealth).
  2248 | D:3      | Slain by an iguana

Levels and vault maps discovered:
D:1:      eino_arrival_water_star, layout_basic, st_stairs_1,
          hangedman_abyss_or_decor_lesser_grid
D:2:      layout_basic, basic_altar, dreamdust_ecumenical_altar_sealed_demon
D:3:      minmay_recursive_quarters, layout_basic, gup_sewer_entry_bubbles,
          kennysheep_crisscross

Skill      XL: |  1  2 |
---------------+-------+-----
Axes           | 2 3 |  3.7
Fighting       | |  3.2
Armour         | |  3.2
Shields        | |  3.2

Action                   || total
-------------------------++-------
Melee: War axe           ||   100
  Use: Scroll            ||    10
Armor: Scale mail        ||    35
Dodge: Dodged            ||    39
Block: Buckler           ||    17

Table legend:
 A = Non-vault XP
 B = Vault XP
 C = Vault XP percentage of total XP
 D = Non-vault monster count
 E = Vault monster count
 F = Vault count percentage of total count
                 A         B        C        D         E       F
            +---------+---------+-------+---------+---------+-------
      Total |      64 |      17 |  21.0 |      34 |       4 |  10.5
            +---------+---------+-------+---------+---------+-------
        D:1 |      26 |       2 |   7.1 |      19 |       2 |   9.5
        D:2 |      36 |       0 |   0.0 |      14 |       0 |   0.0
        D:3 |       2 |      15 |  88.2 |       1 |       2 |  66.7
            +---------+---------+-------+---------+---------+-------
